 Dungeon Crawl Stone Soup version 0.24.1 (webtiles) character file.

Game seed: 10275347240195431787, levelgen mode: deterministic

231814 hobagsaeg the Jinx (level 19, -5/131 HPs)
             Began as an Octopode Enchanter on Mar 23, 2020.
             Was the Champion of Dithmenos.
             Slain by an iron dragon zombie (19 damage)
             ... on level 15 of the Dungeon on Mar 24, 2020.
             The game lasted 04:35:47 (46942 turns).

hobagsaeg the Jinx (Octopode Enchanter)            Turns: 46942, Time: 04:35:48

Health: -5/131     AC:  5    Str:  9    XL:     19   Next: 52%
Magic:  27/43      EV: 24    Int: 19    God:    Dithmenos [******]
Gold:   458        SH:  9    Dex: 22    Spells: 1/40 levels left

rFire    + . .     SeeInvis +   a - +0 rapier (elec)
rCold    + + +     Gourm    +   C - +3 buckler "Qaxtiull" {*Drain rElec rC++ SInv}
rNeg     + + .     Faith    .   y - +2 hat
rPois    +         Spirit   .   j - amulet of the gourmand
rElec    +         Reflect  .   J - +3 ring of dexterity
rCorr    .         Harm     .   R - ring of magical power
MR       ++...     NoTele   +   L - +3 ring of evasion
Stlth    ++++++++++             K - ring "Ricsug" {rPois Str+4}
HPRegen  0.31/turn              S - ring of flight
MPRegen  0.28/turn              v - ring of protection from fire
                                W - ring "Osaycuadd" {-Tele rC+ rN++ Slay+3 SInv}
                                (no ring)

@: confusing touch, very slightly contaminated, wreathed by umbra
A: almost no armour, stealthy swim, amphibious, 8 rings, constrict 8, iridescent
scales 1, camouflage 1, blink, cold resistance 1, magic resistance 1, weak 1,
gelatinous body 1
}: 1/15 runes: serpentine
a: Blink, Shadow Step, Shadow Form, Renounce Religion, Evoke Flight


You were on level 15 of the Dungeon.
You worshipped Dithmenos.
Dithmenos was exalted by your worship.
You were completely stuffed.

You visited 4 branches of the dungeon, and saw 27 of its levels.
You also visited: Bailey, Ice Cave and Volcano.

You collected 3054 gold pieces.
You spent 2596 gold pieces at shops.

Inventory:

Hand Weapons
 a - a +0 rapier of electrocution (weapon)
 b - a +1 vampiric scimitar
 G - a +2 dagger of venom
 Y - a +3 scimitar of flaming
Missiles
 l - 5 javelins
 z - 12 atropa-tipped darts
 B - 33 poisoned darts
 F - 80 boomerangs (quivered)
 H - 21 curare-tipped darts
 I - 7 throwing nets
Armour
 y - a +2 hat (worn)
 C - the +3 buckler "Qaxtiull" (worn) {*Drain rElec rC++ SInv}
   (You acquired it on level 12 of the Dungeon)

   It greatly protects you from cold.
   It insulates you from electricity.
   It lets you see invisible.
   It causes draining when unequipped.
Jewellery
 j - an amulet of the gourmand (around mantle)
 v - a ring of protection from fire (on tentacle)
 J - a +3 ring of dexterity (left tentacle)
 K - the ring "Ricsug" (on tentacle) {rPois Str+4}
   (You found it on level 2 of the Orcish Mines)

   [ring of strength]

   It affects your strength (+4).
   It protects you from poison.
 L - a +3 ring of evasion (on tentacle)
 R - a ring of magical power (right tentacle)
 S - a ring of flight (on tentacle)
 W - the ring "Osaycuadd" (on tentacle) {-Tele rC+ rN++ Slay+3 SInv}
   (You found it in an ice cave)

   [ring of see invisible]

   It affects your accuracy and damage with ranged weapons and melee attacks
   (+3).
   It protects you from cold.
   It greatly protects you from negative energy.
   It lets you see invisible.
   It prevents most forms of teleportation.
Wands
 g - a wand of iceblast (6)
 t - a wand of clouds (14)
 A - a wand of digging (14)
 D - a wand of paralysis (30)
 V - a wand of acid (6)
 Z - a wand of flame (57)
Scrolls
 d - 14 scrolls of remove curse
 e - 6 scrolls of teleportation
 n - 5 scrolls of fog
 p - 2 scrolls of fear
 q - 3 scrolls of blinking
 s - 4 scrolls of amnesia
 O - 7 scrolls of identify
 X - 5 scrolls of magic mapping
Potions
 f - 17 potions of curing
 h - 6 potions of flight
 k - 4 potions of magic
 m - 4 potions of invisibility
 o - 5 potions of heal wounds
 r - 4 potions of lignification
 u - a potion of cancellation
 w - 2 potions of brilliance
 E - a potion of agility
 P - 3 potions of ambrosia
 Q - 4 potions of haste
 T - 3 potions of berserk rage
 U - 2 potions of might
Miscellaneous
 x - a lightning rod (4/4)
Comestibles
 c - 43 rations
 i - 2 chunks of flesh


   Skills:
 * Level 11.8 Fighting
 - Level 11.3(12.1) Short Blades
 - Level 7.0(10.1) Long Blades
 - Level 10.6 Throwing
 - Level 9.0 Dodging
 - Level 10.0 Stealth
 - Level 4.0 Shields
 - Level 11.0 Spellcasting
 - Level 10.0 Conjurations
 - Level 13.1 Hexes
 - Level 3.2 Charms
 - Level 5.0 Summonings
 - Level 2.7 Necromancy
 - Level 3.0 Translocations
 * Level 3.2 Transmutations
 - Level 7.1 Ice Magic
 - Level 5.0 Air Magic
 * Level 3.2 Earth Magic
 - Level 3.1 Poison Magic
 * Level 6.7 Invocations
 - Level 5.0 Evocations


You had one spell level left.
You knew the following spells:

 Your Spells              Type           Power        Failure   Level  Hunger
a - Corona                Hex            ######.      1%          1    None
b - Ensorcelled Hibernat  Hex/Ice        #####.       1%          2    None
c - Confuse               Hex            ######..     1%          3    None
d - Regeneration          Chrm/Necr      ###.......   6%          3    None
e - Tukima's Dance        Hex            ######..     1%          3    None
f - Confusing Touch       Hex            ######       1%          1    None
g - Fulminant Prism       Conj/Hex       ######....   1%          4    ##.....
h - Invisibility          Hex            ######..     4%          6    ######.
i - Apportation           Tloc           ###...       1%          1    None
j - Mephitic Cloud        Conj/Pois/Air  ####....     1%          3    None
k - Shroud of Golubria    Chrm/Tloc      ###...       2%          2    None
l - Summon Lightning Spi  Summ/Air       ####....     9%          4    ##.....
m - Statue Form           Tmut/Erth      ###......    95%         6    ######.

Your spell library contained the following spells:

 Spells                   Type           Power        Failure   Level  Hunger
 Magic Dart               Conj           ####         1%          1    None
 Sting                    Conj/Pois      ####         1%          1    None
 Summon Butterflies       Summ           ####....     1%          1    None
 Summon Small Mammal      Summ           ####         1%          1    None
 Animate Skeleton         Necr           N/A          2%          1    None
 Pain                     Necr           ###.         2%          1    None
 Poisonous Vapours        Pois/Air       ####..       1%          2    None
 Searing Ray              Conj           #####.       1%          2    None
 Dazzling Spray           Conj/Hex       ######       1%          3    None
 Portal Projectile        Hex/Tloc       #####.       1%          3    None
 Iskenderun's Mystic Bla  Conj           #####...     1%          4    ##.....
 Conjure Flame            Conj/Fire      ####....     2%          3    None
 Leda's Liquefaction      Hex/Erth       #####.....   2%          4    ##.....
 Recall                   Summ/Tloc      N/A          3%          3    None
 Force Lance              Conj/Tloc      #####...     4%          4    ##.....
 Lesser Beckoning         Tloc           ###.......   6%          3    None
 Teleport Other           Tloc           ###.....     6%          3    None
 Vampiric Draining        Necr           ###.......   6%          3    None
 Venom Bolt               Conj/Pois      #####.....   13%         5    ####...
 Olgreb's Toxic Radiance  Pois           ###.....     19%         4    ##.....
 Animate Dead             Necr           N/A          22%         4    ##.....
 Bolt of Magma            Conj/Fire/Erth ####......   30%         5    ####...
 Alistair's Intoxication  Tmut/Pois      ###.....     45%         5    ####...
 Freezing Cloud           Conj/Ice/Air   #####.....   45%         6    ######.
 Iron Shot                Conj/Erth      #####.....   56%         6    ######.
 Ring of Flames           Chrm/Fire      ###.......   100%        7    #######
 Shatter                  Erth           ###.......   100%        9    #######


Dungeon Overview and Level Annotations

Branches:
Dungeon (15/15)            Temple (0/1) D:7            Lair (6/6) D:9
  Swamp (0/4) Lair:3        Snake (4/4) Lair:3        Slime (0/5) Lair:6
    Orc (2/2) D:10            Elf (0/3) Orc:2        Vaults (0/5) D:14
 Bailey (visited)           IceCv (visited)         Volcano (visited)
 Depths: D:15

Altars:
Ashenzari
Dithmenos
Elyvilon
Gozag
Makhleb
Nemelex Xobeh
Okawaru
Qazlal
Sif Muna
Vehumet
Wu Jian
Zin
The Shining One
Beogh

Shops:
D:4 *   D:5 [   D:8 ?[%*   D:9 [   Orc:2 ([:*   Snake:2 (}=}   Snake:4 :

Portals:
Trove: D:10 (give 13 potions of heal wounds)

Annotations:
D:4 exclusion: downstairs
D:5 exclusion: downstairs
D:6 exclusion: downstairs
D:9 exclusion: 2 downstairs
D:12 exclusion: 2 downstairs
D:14 exclusion: downstairs
Lair:4 exclusion: downstairs
Lair:5 exclusion: downstairs
Snake:1 3 runed translucent doors, Liforeniyw's ghost, adept MiBe
Snake:2 exclusion: downstairs
Snake:3 exclusion: 2 downstairs
Orc:2 1 transporter, KrasnyyBoyets's ghost, journeyman HaHu


Innate Abilities, Weirdness & Mutations

You cannot wear most types of armour.
You are very stealthy in the water. (Stealth+)
You are amphibious.
You can wear up to eight rings at the same time.
You can use your tentacles to constrict eight enemies at once.
Your skin changes colour to match your surroundings (Stealth+).
Your rubbery body absorbs attacks. (AC +1, EV +1)
You are partially covered in iridescent scales. (AC +2)
You can translocate small distances at will.
Your flesh is cold resistant. (rC+)
You are resistant to hostile enchantments. (MR+)
You are weak. (Str -2)


Message History

The iron dragon zombie is heavily damaged.
You hit the iron dragon zombie but do no damage.
The iron dragon zombie is heavily damaged.
The iron dragon zombie seems less confused.
Casting: Confusing Touch (safe; 1% risk of failure)
Confirm with . or Enter, or press ? or * to list all spells.
Your tentacles begin to glow red.
The iron dragon zombie completely misses you.
The iron dragon zombie claws you. The iron dragon zombie tramples you!
* * * LOW HITPOINT WARNING * * *
You hit the iron dragon zombie but do no damage.
The iron dragon zombie is heavily damaged.
Your shadow hits the iron dragon zombie but does no damage.
You hit the iron dragon zombie but do no damage.
The iron dragon zombie is heavily damaged.
The iron dragon zombie closely misses you.
The iron dragon zombie claws you!!
* * * LOW HITPOINT WARNING * * *
The iron dragon zombie tramples you!!
You die...

...........#..#.#.######.#....
..........(.....#...##........
#.....(.(.....###..#.#..####
##.#..†..#.................. #
####<.....#......#..#####
###...#...........# #
#.....#.........#.# ##
##..(#.8Z#.........#(# .
..........@...........## #
#....#######............# ##
...#.# ##.#....#....# .###.#.#.#
#.##.#......# .#.......#
#.##.#÷#..(.### ..<...#
######.#..#.(##....## #.....#
##............(#..)... ##....#
##............(.##.((..
.##..)#####...............(.(....


You could see an iron dragon zombie and a friendly lightning spire.

Vanquished Creatures
  Vashnia (Snake:4)
  Nikola (Snake:4)
  13 nagarajas
  An orc warlord (Orc:2)
  A stone giant (Orc:2)
  Snorg (D:12)
  Erolcha (Orc:1)
  Harold (D:8)
  A vault guard (D:14)
  7 hydras
  2 ice dragons (IceCv)
  32 naga warriors
  3 centaur warriors
  A death knight (D:11)
  5 anacondas
  Erica (D:8)
  8 two-headed ogres
  3 catoblepae (Lair:6)
  2 tengu warriors
  5 death yaks (Lair:6)
  4 orc high priests
  10 shock serpents
  26 naga sharpshooters
  Sonja (D:12)
  2 sea snakes (Snake:2)
  7 skeletal warriors
  4 wizards (D:14)
  An unseen horror (D:14)
  7 naga ritualists
  An orc knight (D:15)
  A necromancer (D:14)
  10 mana vipers
  An anaconda skeleton (Volcano)
  5 orc sorcerers (Orc:2)
  7 salamanders
  4 manticores
  2 cyclopes
  An ugly thing (D:12)
  8 guardian serpents
  39 black mambas
  A torpor snail (Lair:6)
  2 ice statues (IceCv)
  12 naga magi
  4 rime drakes
  6 gargoyles
  4 spiny frogs
  A kobold demonologist (D:12)
  5 komodo dragons
  A freezing wraith (D:11)
  2 ice devils (Lair:4)
  A polar bear (Lair:6)
  2 harpy skeletons (Volcano)
  12 trolls
  Grinder (D:6)
  A harpy zombie (D:15)
  7 slime creatures
  A blink frog (shapeshifter) (D:15)
  11 hippogriffs
  An ice dragon zombie (D:15)
  12 blink frogs
  6 dream sheep (Lair:4)
  A shadow (D:14)
  A flying skull (Volcano)
  A vampire (D:15)
  4 wraiths
  3 wyverns
  17 humans (D:14)
  75 yaks
  Eustachio (D:6)
  3 hungry ghosts
  2 basilisks
  6 wargs
  3 vampire mosquitoes
  Menkaure (D:5)
  A soldier ant (D:14)
  An acid dragon (D:15)
  59 nagas
  24 water moccasins
  5 porcupines
  A hornet zombie (D:13)
  A phantom (D:8)
  16 ice beasts
  31 orc warriors
  3 sky beasts
  4 boggarts (D:14)
  6 ogres
  An eye of draining (D:10)
  11 wolves
  10 centaurs
  24 crocodiles
  3 big kobolds (D:12)
  A wyvern zombie (D:10)
  17 bullfrogs
  4 scorpions
  4 killer bees (D:8)
  14 wights
  A troll skeleton (Volcano)
  5 centaur zombies
  3 electric eels
  6 crimson imps
  7 howler monkeys
  2 bullfrog zombies
  A quasit (D:7)
  A bullfrog skeleton (D:8)
  17 jellies
  18 orc wizards
  A gnoll shaman (D:7)
  23 orc priests
  5 centaur skeletons
  8 hounds
  Jessica (D:2)
  Ijyb (D:5)
  10 iguanas
  6 worker ants
  A naga skeleton (Volcano)
  2 hound zombies
  21 gnolls
  19 adders
  3 shadow imps
  3 oozes
  An adder skeleton (D:5)
  A worm (D:5)
  A dart slug (D:1)
  8 leopard geckos
  54 orcs
  3 giant cockroaches
  9 goblins
  17 hobgoblins
  2 jackals (D:1)
  2 quokkas
  3 ball pythons
  8 bats
  12 frilled lizards
  18 kobolds
  2 leopard gecko skeletons
  9 rats
  2 fungi (Orc:2)
  A plant (Lair:6)
1001 creatures vanquished.

Vanquished Creatures (collateral kills)
  A nagaraja (Snake:4)
  2 naga warriors (Snake:4)
  A storm dragon zombie (D:15)
  2 naga sharpshooters (Snake:4)
  A wizard (D:14)
  A naga mage (Snake:4)
  A komodo dragon (D:14)
  6 nagas
  A boggart (D:14)
  2 centaurs (D:15)
  A quasit (D:14)
  2 orcs
21 creatures vanquished.

Vanquished Creatures (others)
  22 dancing weapons
  A goblin (D:1)
  A frilled lizard (D:13)
  234 fulminant prisms
  7 fungi
  2 plants (Lair:6)
  A withered plant (D:15)
268 creatures vanquished.

Grand Total: 1290 creatures vanquished

Notes
Turn   | Place    | Note
-------+----------+-------------------------------------------
     0 | D:1      | hobagsaeg the Octopode Enchanter began the quest for the
                  | Orb.
     0 | D:1      | Reached XP level 1. HP: 11/11 MP: 3/3
   154 | D:1      | Reached XP level 2. HP: 13/17 MP: 5/5
   176 | D:1      | Learned a level 2 spell: Ensorcelled Hibernation
   523 | D:1      | You fall into a shaft and drop 1 floor!
   545 | D:2      | Noticed Jessica
   559 | D:2      | Killed Jessica
   559 | D:2      | Reached XP level 3. HP: 14/21 MP: 6/6
  1287 | D:2      | Reached XP level 4. HP: 27/27 MP: 7/7
  1295 | D:2      | Learned a level 3 spell: Confuse
  1733 | D:2      | Found an iron altar of Okawaru.
  1743 | D:2      | Reached skill level 5 in Stealth
  2351 | D:3      | Reached skill level 1 in Ice Magic
  2658 | D:3      | Gained mutation: You evolve. [potion of mutation]
  2658 | D:3      | Gained mutation: Your spells are a little harder to cast,
                  | but a little more powerful. [potion of mutation]
  2658 | D:3      | Gained mutation: Your body sometimes deteriorates upon
                  | taking damage. [potion of mutation]
  2658 | D:3      | Gained mutation: Your spells are harder to cast, but more
                  | powerful. [potion of mutation]
  2726 | D:3      | You fall into a shaft and drop 2 floors!
  2726 | D:5      | Entered Level 5 of the Dungeon
  2727 | D:5      | Noticed Ijyb
  2727 | D:5      | Noticed an ogre
  2730 | D:5      | Killed an ogre
  2730 | D:5      | Reached skill level 4 in Hexes
  2730 | D:5      | Reached XP level 5. HP: 32/32 MP: 5/8
  2733 | D:5      | Killed Ijyb
  2738 | D:5      | Reached skill level 1 in Shields
  2738 | D:5      | Reached XP level 6. HP: 35/37 MP: 2/9
  2939 | D:5      | Found Cigud's Antique Armour Emporium.
  3169 | D:5      | Reached skill level 1 in Fighting
  3259 | D:4      | Found Vuwab's General Store.
  3418 | D:4      | Found a radiant altar of Vehumet.
  3418 | D:4      | Found a shattered altar of Ashenzari.
  3419 | D:4      | Found a shadowy altar of Dithmenos.
  3419 | D:4      | Found a stormy altar of Qazlal.
  3419 | D:4      | Found a shimmering blue altar of Sif Muna.
  3441 | D:4      | Became a worshipper of Dithmenos the Shadowed
  3698 | D:4      | Gained mutation: You are agile. (Dex +2) [evolution]
  4182 | D:4      | Found an opulent altar of Gozag.
  4447 | D:4      | Found a burning altar of Makhleb.
  4523 | D:5      | Noticed Menkaure
  4712 | D:5      | Reached XP level 7. HP: 39/43 MP: 11/11
  4717 | D:5      | Killed Menkaure
  5571 | D:6      | Noticed a troll
  5719 | D:6      | Killed a troll
  5719 | D:6      | Reached XP level 8. HP: 34/48 MP: 8/13
  5892 | D:6      | Reached skill level 1 in Throwing
  6003 | D:6      | Noticed Grinder
  6210 | D:6      | Reached skill level 5 in Hexes
  6893 | D:6      | Noticed Eustachio
  6903 | D:6      | Killed Eustachio
  7134 | D:6      | Killed Grinder
  7257 | D:7      | Found a staircase to the Ecumenical Temple.
  7259 | D:7      | Noticed a hippogriff
  7275 | D:7      | Killed a hippogriff
  7275 | D:7      | Reached * piety under Dithmenos
  7275 | D:7      | Reached XP level 9. HP: 8/54 MP: 15/15
  7559 | D:7      | Gained mutation: You are partially covered in iridescent
                  | scales. (AC +2) [evolution]
  7749 | D:7      | Learned a level 3 spell: Regeneration
  7782 | D:7      | Found a white marble altar of Elyvilon.
  7829 | D:7      | Reached skill level 6 in Hexes
  7953 | D:7      | Found a sparkling altar of Nemelex Xobeh.
  8499 | D:7      | Reached skill level 5 in Ice Magic
  8760 | D:7      | Found a shattered altar of Ashenzari.
  8919 | D:8      | Found Hosm's Food Emporium.
  9156 | D:8      | Reached ** piety under Dithmenos
  9324 | D:8      | Found Besod's General Store.
  9593 | D:8      | Found a glowing silver altar of Zin.
  9595 | D:8      | Noticed Erica
  9610 | D:8      | Killed Erica
  9610 | D:8      | Reached skill level 5 in Short Blades
  9610 | D:8      | Reached skill level 7 in Hexes
  9610 | D:8      | Reached XP level 10. HP: 60/60 MP: 5/16
  9840 | D:8      | Lost mutation: Your body sometimes deteriorates upon taking
                  | damage. [evolution]
 10051 | D:8      | Noticed Harold
 10064 | D:8      | Found Xonife's Armour Shop.
 10076 | D:8      | Killed Harold
 10463 | D:8      | Found Ipaigiso's Magic Scroll Shop.
 10574 | D:9      | Reached skill level 10 in Stealth
 10652 | D:9      | Reached skill level 5 in Spellcasting
 10682 | D:9      | Noticed a two-headed ogre
 10737 | D:9      | Found a staircase to the Lair.
 10747 | D:9      | Found Ossaur's Armour Shoppe.
 10766 | D:9      | Found a flagged portal.
 10773 | Bailey   | Entered a bailey
 10849 | Bailey   | Reached *** piety under Dithmenos
 10892 | Bailey   | Reached skill level 8 in Hexes
 11444 | D:9      | Killed a two-headed ogre
 11481 | D:9      | Gained mutation: You passively map a small area around you.
                  | [evolution]
 11481 | D:9      | Lost mutation: You evolve. [end of evolution]
 11486 | D:9      | Lost mutation: Your spells are harder to cast, but more
                  | powerful. [potion of mutation]
 11486 | D:9      | Lost mutation: Your spells are a little harder to cast, but
                  | a little more powerful. [potion of mutation]
 11486 | D:9      | Gained mutation: You occasionally shout uncontrollably at
                  | your foes. [potion of mutation]
 11486 | D:9      | Gained mutation: You passively map the area around you.
                  | [potion of mutation]
 11487 | D:9      | Lost mutation: You are agile. (Dex +2) [potion of mutation]
 11487 | D:9      | Lost mutation: You passively map the area around you.
                  | [potion of mutation]
 11487 | D:9      | Lost mutation: You occasionally shout uncontrollably at
                  | your foes. [potion of mutation]
 11487 | D:9      | Lost mutation: You passively map a small area around you.
                  | [potion of mutation]
 11487 | D:9      | Gained mutation: You are weak. (Str -2) [potion of
                  | mutation]
 11487 | D:9      | Gained mutation: You are resistant to hostile enchantments.
                  | (MR+) [potion of mutation]
 11487 | D:9      | Gained mutation: You can translocate small distances at
                  | will. [potion of mutation]
 11487 | D:9      | Gained mutation: Your flesh is cold resistant. (rC+)
                  | [potion of mutation]
 11903 | D:10     | Entered Level 10 of the Dungeon
 11911 | D:10     | Found a staircase to the Orcish Mines.
 11920 | D:10     | Reached XP level 11. HP: 65/65 MP: 16/19
 12029 | D:10     | Reached skill level 9 in Hexes
 12430 | D:10     | Noticed a two-headed ogre
 12437 | D:10     | Killed a two-headed ogre
 12555 | D:10     | Found a portal to a secret trove of treasure.
 12582 | D:10     | Reached **** piety under Dithmenos
 13563 | D:11     | Reached skill level 10 in Hexes
 13578 | D:11     | Noticed a death knight
 13672 | D:11     | Learned a level 3 spell: Tukima's Dance
 13674 | D:11     | Learned a level 1 spell: Confusing Touch
 13710 | D:11     | Noticed a phantasmal warrior
 13776 | D:12     | Noticed a manticore
 13782 | D:12     | Killed a manticore
 13834 | D:12     | Identified a scroll of acquirement
 13837 | D:12     | Got a pitted buckler
 13848 | D:12     | Identified the +3 buckler "Qaxtiull" {*Drain rElec rC++
                  | SInv} (You acquired it on level 12 of the Dungeon)
 13918 | D:12     | Noticed a two-headed ogre
 13924 | D:12     | Killed a two-headed ogre
 13930 | D:12     | Noticed a two-headed ogre
 13937 | D:12     | Killed a two-headed ogre
 13989 | D:12     | Reached XP level 12. HP: 72/72 MP: 14/22
 13996 | D:12     | Reached ***** piety under Dithmenos
 14345 | D:12     | Noticed Sonja
 14545 | D:12     | Killed Sonja
 14602 | D:12     | Noticed a two-headed ogre
 14912 | D:11     | Reached skill level 11 in Hexes
 15197 | D:12     | Found a white marble altar of Elyvilon.
 15302 | D:12     | Noticed Snorg
 15312 | D:12     | Killed Snorg
 15312 | D:12     | Reached skill level 5 in Dodging
 15367 | D:12     | Killed a two-headed ogre
 16629 | D:13     | Noticed a four-headed hydra
 17452 | D:13     | Reached skill level 12 in Hexes
 17766 | D:13     | Killed a four-headed hydra
 17766 | D:13     | Reached XP level 13. HP: 81/81 MP: 18/25
 17782 | D:13     | Learned a level 4 spell: Fulminant Prism
 18012 | D:10     | Learned a level 6 spell: Invisibility
 18039 | Lair:1   | Entered Level 1 of the Lair of Beasts
 18128 | Lair:1   | Reached skill level 5 in Fighting
 18342 | Lair:1   | Reached skill level 1 in Conjurations
 19949 | Lair:3   | Found a staircase to the Snake Pit.
 20299 | Lair:3   | Reached skill level 1 in Charms
 20311 | Lair:3   | Found a staircase to the Swamp.
 20538 | Lair:3   | Got a twisted hat
 20539 | Lair:3   | Identified the +1 hat of Ibijatat {Str-4 Int+6} (You
                  | acquired it on level 3 of the Lair of Beasts)
 20607 | Lair:3   | Reached ****** piety under Dithmenos
 20806 | Lair:3   | Reached skill level 1 in Necromancy
 21521 | Lair:4   | Reached skill level 1 in Invocations
 21521 | Lair:4   | Reached skill level 1 in Evocations
 21521 | Lair:4   | Reached XP level 14. HP: 90/90 MP: 27/27
 21582 | Lair:4   | Found a frozen archway.
 21599 | IceCv    | Entered an ice cave
 21865 | IceCv    | Reached skill level 5 in Conjurations
 22326 | IceCv    | Reached skill level 1 in Long Blades
 22641 | IceCv    | Identified the ring "Osaycuadd" {-Tele rC+ rN++ Slay+3
                  | SInv} (You found it in an ice cave)
 22882 | Lair:4   | Reached XP level 15. HP: 94/94 MP: 28/28
 23321 | Lair:5   | Found a dark tunnel.
 23432 | Volcano  | Entered a volcano
 23694 | Volcano  | Reached skill level 10 in Short Blades
 23694 | Volcano  | Reached XP level 16. HP: 103/103 MP: 29/29
 23947 | Lair:5   | Learned a level 1 spell: Apportation
 24181 | Lair:6   | Entered Level 6 of the Lair of Beasts
 24332 | Lair:6   | Reached skill level 10 in Spellcasting
 24378 | Lair:6   | Reached skill level 1 in Translocations
 25110 | Lair:6   | Found a staircase to the Slime Pits.
 27068 | Orc:1    | Entered Level 1 of the Orcish Mines
 27292 | Orc:1    | Noticed Erolcha
 27301 | Orc:1    | Killed Erolcha
 27301 | Orc:1    | Reached skill level 13 in Hexes
 27603 | Orc:1    | Found a roughly hewn altar of Beogh.
 27762 | Orc:2    | Entered Level 2 of the Orcish Mines
 27948 | Orc:2    | Found Yleacheecs's Book Boutique.
 27988 | Orc:2    | Reached skill level 5 in Long Blades
 28178 | Orc:2    | Found a staircase to the Elven Halls.
 28432 | Orc:2    | Found Foken's Antique Armour Boutique.
 28519 | Orc:2    | Found Zenenk's Antique Weapon Shoppe.
 28640 | Orc:2    | Bought a runed scimitar for 217 gold pieces
 28657 | Orc:2    | Found Acuwut's General Store.
 29170 | Orc:2    | Found a transporter.
 29198 | Orc:2    | Found a transporter.
 29493 | Orc:2    | Noticed KrasnyyBoyets's ghost (journeyman HaHu)
 29522 | Orc:2    | Learned a level 3 spell: Mephitic Cloud
 29527 | Orc:2    | Got a warped copper ring
 29781 | Orc:2    | Identified the ring "Ricsug" {rPois Str+4} (You found it on
                  | level 2 of the Orcish Mines)
 29883 | D:8      | Bought a scroll of acquirement for 624 gold pieces
 30002 | Orc:2    | Bought the Grimoire of Dislocation and the Entourage for
                  | 910 gold pieces
 30005 | Orc:2    | Learned a level 2 spell: Shroud of Golubria
 30010 | Orc:2    | Learned a level 4 spell: Summon Lightning Spire
 30701 | Snake:1  | Entered Level 1 of the Snake Pit
 30784 | Snake:1  | Reached skill level 1 in Poison Magic
 30903 | Snake:1  | Found a runed translucent gate.
 30903 | Snake:1  | Found a runed translucent gate.
 30905 | Snake:1  | Found a runed translucent gate.
 30906 | Snake:1  | Noticed Liforeniyw's ghost (adept MiBe)
 31139 | Snake:1  | Reached XP level 17. HP: 37/110 MP: 23/32
 31467 | Snake:2  | Found Tesip's Antique Weapon Boutique.
 32843 | Snake:2  | Found Woeseediawn's Gadget Shop.
 32843 | Snake:2  | Found Keetet's Jewellery Shoppe.
 32844 | Snake:2  | Found Xeilenk's Gadget Shop.
 34847 | Snake:3  | Reached skill level 1 in Air Magic
 35259 | Snake:3  | Reached skill level 1 in Summonings
 35776 | Snake:4  | Entered Level 4 of the Snake Pit
 36577 | Snake:4  | Reached skill level 5 in Invocations
 36761 | Snake:4  | Identified the +6 flail "Nufu" {pain, +Inv rElec MP-9
                  | Int+2} (You found it on level 4 of the Snake Pit)
 37053 | Snake:4  | Reached skill level 5 in Throwing
 37830 | Snake:4  | Reached XP level 18. HP: 114/118 MP: 27/33
 38334 | Snake:4  | Found Todock's Book Shoppe.
 38574 | Snake:4  | Noticed Nikola
 38602 | Snake:4  | Killed Nikola
 38602 | Snake:4  | Reached skill level 10 in Conjurations
 39702 | Snake:4  | Noticed Vashnia
 39737 | Snake:4  | Killed Vashnia
 40259 | Snake:4  | Reached skill level 5 in Evocations
 41762 | Snake:4  | Reached skill level 10 in Fighting
 42472 | Snake:4  | Reached skill level 5 in Summonings
 42544 | Snake:4  | Reached skill level 5 in Air Magic
 43083 | Snake:4  | Reached skill level 10 in Throwing
 43400 | Snake:4  | Reached XP level 19. HP: 115/127 MP: 34/34
 44118 | Snake:4  | Got a serpentine rune of Zot
 44222 | Snake:4  | Bought a book of the Earth for 845 gold pieces
 44229 | Snake:4  | Learned a level 6 spell: Statue Form
 45082 | D:14     | Reached skill level 1 in Transmutations
 45082 | D:14     | Reached skill level 1 in Earth Magic
 45650 | D:14     | Found a gate to the Vaults.
 45862 | D:14     | Found an ornate altar of the Wu Jian Council.
 46283 | D:15     | Entered Level 15 of the Dungeon
 46548 | D:15     | Found a glowing golden altar of the Shining One.
 46942 | D:15     | Slain by an iron dragon zombie

Levels and vault maps discovered:
D:1:      mrwooster_arrival_arrow, layout_basic
D:2:      layout_basic, kennysheep_okawaru_gauntlet, uniq_jessica
D:3:      layout_basic
D:4:      layout_layer_cave, bloody_makhleb, nicolae_gozag_seed_capital,
          grunt_temple_overflow_open, first_ration, serial_shops, shop,
          kennysheep_doodads
D:5:      layout_basic, serial_shops, nicolae_shop_trees, uniq_ijyb,
          uniq_menkaure
D:6:      layout_loops_corners, minmay_misc_feat_columns, uniq_grinder,
          uniq_eustachio
D:7:      layout_basic, nemelex_xobeh_ov_fountains_minmay, elyvilon_altar_1,
          minmay_temple_entry_arrows, evilmike_ruin_ashenzari
D:8:      layout_basic, basic_altar, serial_shops, nicolae_shop_crystal,
          kennysheep_mini, nicolae_shop_behind_doors, shop, uniq_erica,
          uniq_harold
D:9:      layout_roguey, dpeg_oklobed_lair, enter_bailey_1, serial_shops,
          kennysheep_mini_moat
D:10:     layout_rooms, orc_0_dummy, enter_trove_1
D:11:     layout_basic
D:12:     layout_small_grid, basic_altar, uniq_sonja, uniq_snorg
D:13:     lemuel_reptile_caves, layout_cave_pods
D:14:     layout_long_grid, grunt_vaults_entry_tiered, lemuel_doored_altar,
          grunt_tengu_nest
D:15:     gammafunk_depths_entry_grave, layout_rooms, tso_metal_star
Lair:1:   layout_hall_layers, grunt_megastairs_4, lemuel_fruit_fields
Lair:2:   layout_long_grid
Lair:3:   layout_cave_shapes, swamp_mist, minmay_snake_entry_six_corridors
Lair:4:   layout_loops_ring, portal_ice_cave_demonic_guard, serial_bayou_pond_c,
          grunt_megastairs_2, lemuel_fruit_tree
Lair:5:   layout_cave_shapes, enter_volcano_2, hangedman_lair_unloving_vines,
          serial_bayou_shore_a
Lair:6:   evilmike_catoblepas_cave, layout_long_grid,
          minmay_slime_entry_jelly_boxes, minivault_24,
          infiniplex_staircase_pool
Snake:1:  layout_gridlike, ebering_ghost_rock_garden
Snake:2:  nicolae_cobra_stairs, layout_misc_corridors, serial_shops, shop,
          grunt_megastairs_3, minmay_shop_grove, serial_bayou_shore_b
Snake:3:  layout_grid_shapes, minmay_snake_pond, serial_bayou_shore_b,
          grunt_megastairs_1
Snake:4:  grunt_snake_rune_spirals, layout_onion_interference, serial_shops,
          shop, nicolae_snake_biting_tails, uniq_nikola, uniq_vashnia
Orc:1:    layout_caves, minmay_orc_temple_c, uniq_erolcha
Orc:2:    grunt_orc_gardens, layout_caves, grunt_orc_garden, grunt_orc_garden,
          grunt_orc_garden, grunt_orc_garden, gammafunk_ghost_berserking_beasts

Skill      XL: |  1  2  3  4  5  6  7  8  9 10 11 12 13 14 15 16 17 18 19 |
---------------+----------------------------------------------------------+-----
Stealth        | 5 6 7 9 10 | 10.0
Ice Magic      | 1 2 3 5 6 7 |  7.1
Short Blades   | 2 3 5 6 7 8 9 10 11 | 11.3
Hexes          | 4 5 7 8 10 12 13 | 13.1
Shields        | 1 2 3 4 |  4.0
Fighting       | 1 2 3 4 6 7 8 9 10 11 | 11.8
Spellcasting   | 3 4 5 7 8 9 11 | 11.0
Throwing       | 1 2 3 5 10 | 10.6
Dodging        | 3 4 6 7 9 |  9.0
Conjurations   | 3 5 6 7 9 10 | 10.0
Charms         | 3 |  3.2
Necromancy     | 2 |  2.7
Invocations    | 1 3 5 6 |  6.7
Evocations     | 1 3 5 |  5.0
Long Blades    | 1 4 5 7 |  7.0
Translocations | 1 3 |  3.0
Poison Magic   | 1 3 |  3.1
Air Magic      | 2 5 |  5.0
Summonings     | 2 5 |  5.0
Transmutations | 3 |  3.2
Earth Magic    | 3 |  3.2

Action                   |  1- 3 |  4- 6 |  7- 9 | 10-12 | 13-15 | 16-18 | 19-21 || total
-------------------------+-------+-------+-------+-------+-------+-------+-------++-------
Melee: Dagger            |    67 |   122 |   227 |   500 |   259 |   606 |       ||  1781
       Constrict         |    15 |    21 |    34 |    65 |    13 |    49 |    28 ||   225
       Tentacles         |     7 |    24 |    47 |    87 |    72 |   199 |    49 ||   485
       Scimitar          |       |       |       |       |    96 |    17 |       ||   113
       Rapier            |       |       |       |       |       |   262 |   246 ||   508
Throw: Dart              |       |     7 |    36 |    17 |     6 |    14 |       ||    80
       Boomerang         |       |       |       |    20 |     6 |   355 |    81 ||   462
       Javelin           |       |       |       |       |       |     4 |       ||     4
 Cast: Ensorcelled Hiber |       |     2 |    49 |   174 |    98 |   279 |    36 ||   638
       Confuse           |       |       |    14 |    37 |     4 |    25 |     1 ||    81
       Corona            |       |       |     2 |       |       |       |       ||     2
       Confusing Touch   |       |       |       |     1 |       |    72 |    20 ||    93
       Fulminant Prism   |       |       |       |       |    28 |   172 |    34 ||   234
       Regeneration      |       |       |       |       |     2 |    71 |    14 ||    87
       Invisibility      |       |       |       |       |     1 |     1 |     2 ||     4
       Apportation       |       |       |       |       |       |     2 |       ||     2
       Tukima's Dance    |       |       |       |       |       |    76 |       ||    76
       Shroud of Golubri |       |       |       |       |       |    22 |     3 ||    25
       Summon Lightning  |       |       |       |       |       |    27 |    28 ||    55
       Mephitic Cloud    |       |       |       |       |       |       |     2 ||     2
Invok: Shadow Step       |       |       |       |     2 |     1 |     3 |       ||     6
 Abil: Blink             |       |       |       |     3 |       |     2 |       ||     5
Evoke: Wand              |       |       |     1 |     1 |       |     2 |     2 ||     6
  Use: Scroll            |       |     8 |     9 |    12 |    13 |    12 |     1 ||    55
       Potion            |       |     1 |       |     2 |     3 |       |       ||     6
 Stab: Sleeping          |     7 |    18 |    31 |   134 |   112 |   167 |    29 ||   498
       Confused          |       |       |     5 |    21 |     3 |    91 |    22 ||   142
       Distracted        |       |       |     1 |     3 |       |     8 |     5 ||    17
       Invisible         |       |       |       |       |       |       |     7 ||     7
  Eat: Chunk             |    13 |    14 |    21 |    31 |    23 |    45 |    24 ||   171
       Ration            |       |       |       |       |       |     6 |     1 ||     7
Armor: Skin              |     5 |     5 |    15 |    28 |    20 |    35 |     9 ||   117
Dodge: Dodged            |    55 |    42 |    94 |   226 |   162 |   527 |   163 ||  1269
Block: Buckler           |       |    19 |    69 |   128 |    93 |   267 |    91 ||   667
       Rpst.: Scimitar   |       |       |       |       |    27 |       |       ||    27
